 Dungeon Crawl Stone Soup version 0.28-a0-1143-gcf6077d4cc (webtiles) character file.

Game seed: 16916460568266614700

1697 spaghetti the Covert (level 9, -1/70 HPs)
             Began as a Ghoul Delver on Dec 14, 2021.
             Was an Initiate of Cheibriados.
             Slain by a fire elemental (8 damage)
             ... summoned by a deep elf pyromancer
             ... on level 7 of the Dungeon.
             The game lasted 00:13:52 (8860 turns).

spaghetti the Covert (Ghoul Delver)                 Turns: 8860, Time: 00:13:53

Health: -1/70      AC:  4    Str: 19    XL:     9   Next: 3%
Magic:  8/8        EV:  7    Int: 20    God:    Cheibriados [......]
Gold:   287        SH: 14    Dex: 11    Spells: 5/8 levels left

rFire   . . .      SeeInvis .   B - +0 dagger (venom) {short}
rCold   + . .      Faith    .   A - +1 tower shield
rNeg    + + +      Spirit   .   a - +0 leather armour
rPois   ∞          Reflect  .   g - +0 helmet
rElec   .          Harm     .   (no cloak)
rCorr   .          Rampage  .   (no gloves)
Will    .....                   (no boots)
Stlth   +++++.....              (no amulet)
HPRegen 0.00/turn               c - +6 ring of intelligence
MPRegen 0.11/turn               E - +6 ring of intelligence

@: about to teleport, inhibited regen, very slow
A: claws 1, cold resistance 1, negative energy resistance 3, inhibited
regeneration, torment resistance 2
a: Renounce Religion


You were on level 7 of the Dungeon.
You worshipped Cheibriados.
Cheibriados was noncommittal.
You visited 2 branches of the dungeon, and saw 9 of its levels.

You collected 287 gold pieces.


Innate Abilities, Weirdness & Mutations

You thrive by killing the living.
You are immune to poison.
You have sharp fingernails.
Your flesh is cold resistant. (rC+)
You are immune to negative energy. (rN+++)
You do not regenerate when monsters are visible.
You are immune to unholy pain and torment.


   Skills:
 - Level 3.2 Fighting
 - Level 1.7 Dodging
 - Level 12.0 Stealth
 + Level 5.9 Shields
 - Level 2.1 Unarmed Combat


You had 5 spell levels left.
You knew the following spells:

 Your Spells              Type           Power      Damage    Failure   Level
a - Stone Arrow           Conj/Erth      0%         3d7       100%        3

Your spell library contained the following spells:

 Spells                   Type           Power      Damage    Failure   Level
 Ozocubu's Armour         Ice            0%         N/A       100%        3
 Animate Armour           Summ/Erth      0%         N/A       100%        4
 Ozocubu's Refrigeration  Ice            0%         4d5       100%        7
 Lehudib's Crystal Spear  Conj/Erth      0%         10d2      100%        8

Inventory:

Hand Weapons
 h - a +0 flail {mace}
   (You found it on level 5 of the Dungeon)
 i - a +0 hand axe {axe}
   (You found it on level 5 of the Dungeon)
 j - a +0 falchion {long}
   (You found it on level 5 of the Dungeon)
 l - a +0 dagger {short}
   (You took it off an orc on level 4 of the Dungeon)
 m - a +0 short sword {short}
   (You took it off an orc on level 3 of the Dungeon)
 p - a +0 flail {mace}
   (You took it off a gnoll on level 3 of the Dungeon)
 q - a +0 club {mace}
   (You took it off a gnoll on level 3 of the Dungeon)
 r - a +0 spear {polearm}
   (You took it off a gnoll on level 3 of the Dungeon)
 s - a +0 whip {mace}
   (You took it off a kobold on level 3 of the Dungeon)
 u - a +0 hunting sling {sling}
   (You found it on level 3 of the Dungeon)
 v - a +0 scythe {polearm}
   (You took it off Sigmund on level 2 of the Dungeon)
 w - a +0 dagger {short}
   (You found it on level 2 of the Dungeon)
 y - a +2 dagger of flaming {short}
   (You took it off a goblin on level 2 of the Dungeon)
 z - a +0 hunting sling {sling}
   (You took it off a goblin on level 2 of the Dungeon)
 B - a +0 dagger of venom (weapon) {short}
   (You found it on level 2 of the Dungeon)
Missiles
 n - 69 arrows
 o - 225 stones (quivered) {throwing}
 C - 80 bolts
 G - 18 sling bullets
 H - 2 boomerangs {throwing}
Armour
 a - a +0 leather armour (worn)
 g - a +0 helmet (worn)
   (You found it on level 6 of the Dungeon)
 A - a +1 tower shield (worn)
   (You found it on level 2 of the Dungeon)
Magical Staves
 k - a staff of death {!astaff}
   (You found it on level 7 of the Dungeon)
Jewellery
 c - a +6 ring of intelligence (left claw)
   (You found it on level 6 of the Dungeon)
 t - a ring of see invisible
   (You found it on level 3 of the Dungeon)
 x - a ring of wizardry
   (You found it on level 2 of the Dungeon)
 E - a +6 ring of intelligence (right claw)
   (You took it off an orc wizard on level 4 of the Dungeon)
 K - a +6 ring of strength
   (You found it on level 6 of the Dungeon)
Wands
 f - a wand of digging (3)
Scrolls
 b - 2 scrolls of fog
 d - a scroll of immolation {!r!r}
 D - 4 scrolls of identify {@r1}
 F - a scroll of enchant weapon
Potions
 e - a potion of haste {@q3}
 J - 2 potions of brilliance

Dungeon Overview and Level Annotations

Branches:
Dungeon (8/15)             Temple (1/1) D:7
   Lair: D:8-11

Altars:
Ashenzari
Cheibriados
Dithmenos
Elyvilon
Fedhas
Gozag
Hepliaklqana
Kikubaaqudgha
Makhleb
Nemelex Xobeh
Okawaru
Qazlal
Ru
Sif Muna
Trog
Uskayaw
Vehumet
Wu Jian
Xom
Yredelemnul
Zin
The Shining One

Annotations:
D:7 1 runed translucent door, Crazy Yiuf

#......)...............
#.############.########
#.# #.# ### #.#
#######.##### ..# #.#
#...........# #.#
#.######.#####.###.#
#.# #..............#
#.#### #.#
#..#####.#########.....
#g#
#..##.@Ee............#.
#.#
#..##E##..##########.#.
..# #..##E##..#
.........#. ..#
#..##°##..# ########.#.
>.# #..##.##..# #.#.
..# #..##.##..# #.#.
..##### #.....# #.#.
......## #)##..# #...
........ #.##..# #...


You could see a deep elf pyromancer (extremely poisoned) and 3 fire elementals.


Message History

You take 3 damage, and now have 67/70 hp.
Unknown command.
You miss the deep elf pyromancer.
You block the deep elf pyromancer's attack.
The deep elf pyromancer completely misses you.
You hit the deep elf pyromancer but do no damage.
The deep elf pyromancer is poisoned.
The deep elf pyromancer hits you with a +0 short sword. 😕 HP[-1]
You take 1 damage, and now have 66/70 hp.
Unknown command.
You hit the deep elf pyromancer.
The deep elf pyromancer looks even sicker.
The deep elf pyromancer hits you with a +0 short sword. 😕 HP[-1]
You take 1 damage, and now have 65/70 hp.
You hit the deep elf pyromancer.
The deep elf pyromancer looks as sick as possible!
The deep elf pyromancer casts a spell.
You block the deep elf pyromancer's attack.
You hit the deep elf pyromancer but do no damage.
The deep elf pyromancer looks as sick as possible!
You block the fire elemental's attack.
The deep elf pyromancer casts a spell at you.
The bolt of fire misses you.
Unknown command.
Unknown command.
You closely miss the deep elf pyromancer.
The fire elemental hits you. The fire elemental burns you!
You block the deep elf pyromancer's attack.
You block the fire elemental's attack.
The deep elf pyromancer hits you but does no damage. 😕 HP[-12]
You take 12 damage, and now have 53/70 hp.
Unknown command.
Unknown command.
Unknown command.
You miss the deep elf pyromancer. The fire elemental hits you.
The fire elemental burns you! You block the fire elemental's attack.
You block the deep elf pyromancer's attack. 😮 HP[-13]
You take 13 damage, and now have 40/70 hp.
Unknown command.
Unknown command.
You hit the deep elf pyromancer but do no damage.
The deep elf pyromancer looks as sick as possible!
The fire elemental barely misses you.
The deep elf pyromancer closely misses you.
The fire elemental hits you. The fire elemental burns you!
* * * LOW HITPOINT WARNING * * *
😨 HP[-11]
You take 11 damage, and now have 29/70 hp.
Unknown command.
Unknown command.
Unknown command.
You hit the deep elf pyromancer.
The deep elf pyromancer looks as sick as possible!
The deep elf pyromancer casts a spell.
You block the fire elemental's attack.
You block the deep elf pyromancer's attack.
The fire elemental hits you.
* * * LOW HITPOINT WARNING * * *
The fire elemental burns you!
* * * LOW HITPOINT WARNING * * *
😱 HP[-12]
You take 12 damage, and now have 17/70 hp.
Unknown command.
Unknown command.
Okay, then.
Okay, then.
Okay, then.
Okay, then.
Okay, then.
Okay, then.
Okay, then.
You hit the deep elf pyromancer.
The deep elf pyromancer looks as sick as possible!
You block the fire elemental's attack.
The deep elf pyromancer closely misses you.
The fire elemental hits you. The fire elemental burns you!
* * * LOW HITPOINT WARNING * * *
😱 HP[-9]
You take 9 damage, and now have 8/70 hp.
Unknown command.
Unknown command.
Unknown command.
Okay, then.
You hit the deep elf pyromancer but do no damage.
The deep elf pyromancer looks as sick as possible!
The deep elf pyromancer mumbles some strange words.
The deep elf pyromancer blinks!
You block the fire elemental's attack.
Unknown command.
Unknown command.
Unknown command.
As you read the scroll of teleportation {@r4}, it crumbles to dust.
You feel strangely unstable. The fire elemental hits you.
* * * LOW HITPOINT WARNING * * *
The fire elemental burns you!
You die...

Skill      XL: |  1  2  3  4  5  6  7  8 |
---------------+-------------------------+-----
Stealth        | 7 8 10 11 12 | 12.0
Shields        | 5 |  5.9
Fighting       | |  3.2
Dodging        | |  1.7
Unarmed Combat | |  2.1

Action                   |  1- 3 |  4- 6 |  7- 9 || total
-------------------------+-------+-------+-------++-------
Melee: Unarmed           |       |    94 |       ||    94
       Dagger            |       |    30 |   321 ||   351
       Punch             |       |       |     3 ||     3
Throw: Stone             |       |       |     2 ||     2
Evoke: Wand              |     3 |     6 |    13 ||    22
  Use: Scroll            |       |     4 |    10 ||    14
       Potion            |       |     1 |     9 ||    10
 Stab: Sleeping          |       |    18 |    10 ||    28
       Distracted        |       |       |     1 ||     1
Armor: Leather armour    |       |    22 |    90 ||   112
Dodge: Dodged            |     3 |    71 |   176 ||   250
Block: Tower shield      |       |       |   112 ||   112

Levels and vault maps discovered:
D:1:      tarquinn_simple_flora_water_b, layout_basic,
          dreamdust_ecumenical_altar_drowned_temple
D:2:      wad_woods_tower, layout_basic, minmay_pentomino_pile, uniq_sigmund,
          uniq_terence
D:3:      layout_loops_corners, hex_tiny, hangedman_decor_push
D:4:      layout_cave_pools, guppyfry_early_lair_pool
D:5:      layout_rooms
D:6:      layout_cave_pools, nicolae_ossuary_entry_false_entrances,
          minmay_diced_spiral
D:7:      gammafunk_beogh_shrine, layout_basic, elyvilon_altar_1,
          minmay_temple_entry_arrows, chequers_serial_rivers_large_b,
          minivault_5, uniq_crazy_yiuf_cottage
D:8:      layout_basic, nicolae_wooded_promenade
Temple:   grunt_wide_crystal_templ

Notes
Turn   | Place    | Note
-------+----------+-------------------------------------------
     0 | D:5      | spaghetti the Ghoul Delver began the quest for the Orb.
     0 | D:5      | Reached XP level 1. HP: 19/19 MP: 0/0
     0 | D:5      | magus.rc [v1.9.6]
    16 | D:5      | Noticed a necrophage
    30 | D:5      | Killed a necrophage
    31 | D:5      | Reached skill level 7 in Stealth
    31 | D:5      | Reached XP level 2. HP: 26/26 MP: 1/1
    31 | D:5      | Reached XP level 3. HP: 31/31 MP: 2/2
    31 | D:5      | Reached XP level 4. HP: 38/38 MP: 3/3
   224 | D:5      | Reached skill level 8 in Stealth
   224 | D:5      | Reached XP level 5. HP: 45/45 MP: 4/4
   848 | D:3      | You pick up a book of Armaments and begin reading...
   848 | D:3      | You add the spells Stone Arrow, Animate Armour and
                  | Lehudib's Crystal Spear to your library.
  1313 | D:3      | Reached XP level 6. HP: 51/51 MP: 5/5
  1441 | D:2      | Noticed Sigmund
  1448 | D:2      | Killed Sigmund
  1449 | D:2      | Reached skill level 9 in Stealth
  2105 | D:2      | Reached skill level 10 in Stealth
  2374 | D:2      | Reached XP level 7. HP: 57/57 MP: 6/6
  2515 | D:2      | Noticed Terence
  2532 | D:2      | Killed Terence
  3067 | D:1      | Found a faded altar of an unknown god.
  4286 | D:4      | Reached skill level 11 in Stealth
  4854 | D:4      | HP: 10/57 [ogre (24)]
  4864 | D:4      | Reached XP level 8. HP: 11/63 MP: 7/7
  5205 | D:4      | Reached skill level 12 in Stealth
  5972 | D:5      | HP: 13/63 [bullfrog (4)]
  5974 | D:5      | Reached skill level 1 in Shields
  6219 | D:6      | HP: 8/63 [orc warrior (16)]
  6221 | D:6      | Reached skill level 2 in Shields
  6648 | D:6      | Reached skill level 3 in Shields
  6802 | D:6      | HP: 14/63 [bullfrog (6)]
  6807 | D:7      | Reached skill level 4 in Shields
  7118 | D:7      | HP: 8/63 [gnoll (9)]
  7150 | D:6      | HP: 7/63 [water moccasin (4)]
  7678 | D:7      | Reached skill level 5 in Shields
  7694 | D:7      | Found a staircase to the Ecumenical Temple.
  7720 | Temple   | Entered the Ecumenical Temple
  7731 | Temple   | HP: 13/63 [water moccasin (4)]
  7776 | Temple   | HP: 11/63 [water moccasin (2)]
  7776 | Temple   | HP: 5/63 [water moccasin (6)]
  7780 | Temple   | HP: 2/63 [water moccasin (3)]
  8139 | Temple   | Became a worshipper of Cheibriados the Contemplative
  8144 | Temple   | Learned a level 3 spell: Stone Arrow
  8363 | D:7      | Reached XP level 9. HP: 70/70 MP: 8/8
  8592 | D:7      | Found a runed translucent door.
  8593 | D:7      | Noticed Crazy Yiuf
  8728 | D:7      | You add the spells Ozocubu's Armour and Ozocubu's
                  | Refrigeration to your library.
  8735 | D:7      | Noticed a deep elf pyromancer
  8857 | D:7      | HP: 17/70 [fire elemental[a deep elf pyromancer] (11)]
  8858 | D:7      | HP: 8/70 [fire elemental[a deep elf pyromancer] (9)]
  8860 | D:7      | Slain by a fire elemental

Vanquished Creatures
  Sigmund (D:2)
  2 water moccasins
  An orc warrior (D:6)
  2 ogres (D:4)
  2 necrophages
  A phantom (D:6)
  3 bullfrogs
  A scorpion (D:7)
  A water moccasin zombie (D:7)
  A hound (D:3)
  A gnoll shaman (D:7)
  An orc priest (D:5)
  Terence (D:2)
  2 iguanas (D:4)
  An orc wizard (D:4)
  A hound zombie (D:5)
  A hound skeleton (D:4)
  7 gnolls
  11 adders
  A shadow imp (D:6)
  An ufetubus (D:4)
  An adder zombie (D:5)
  An adder skeleton (D:4)
  A worm (D:3)
  4 dart slugs
  14 orcs
  8 ball pythons
  3 bats
  4 endoplasms
  2 giant cockroaches (D:1)
  6 goblins
  6 hobgoblins
  7 jackals (D:1)
  5 kobolds
  4 quokkas (D:2)
  5 frilled lizards
  8 rats
  A spectral hobgoblin (D:1)
123 creatures vanquished.

Vanquished Creatures (others)
  2 fungi (D:7)
2 creatures vanquished.

Grand Total: 125 creatures vanquished

Table legend:
 A = Non-vault XP
 B = Vault XP
 C = Vault XP percentage of total XP
 D = Non-vault monster count
 E = Vault monster count
 F = Vault count percentage of total count
                 A         B        C        D         E       F
            +---------+---------+-------+---------+---------+-------
      Total |    1990 |     435 |  17.9 |     103 |      20 |  16.3
            +---------+---------+-------+---------+---------+-------
        D:1 |      48 |       1 |   2.0 |      29 |       1 |   3.3
        D:2 |      34 |     308 |  90.1 |      12 |      15 |  55.6
        D:3 |     173 |       0 |   0.0 |      17 |       0 |   0.0
        D:4 |     554 |      27 |   4.6 |      22 |       2 |   8.3
        D:5 |     308 |       0 |   0.0 |      11 |       0 |   0.0
        D:6 |     347 |      11 |   3.1 |       5 |       1 |  16.7
        D:7 |     367 |      88 |  19.3 |       6 |       1 |  14.3
     Temple |     159 |       0 |   0.0 |       1 |       0 |   0.0
            +---------+---------+-------+---------+---------+-------

Illustrated notes

Table legend:
 A = Kills in this place as a percentage of kills in entire the game.
 B = Kills by you in this place as a percentage of kills by you in the entire game.
 C = Kills by friends in this place as a percentage of kills by friends in the entire game.
 D = Other kills in this place as a percentage of other kills in the entire game.
 E = Experience gained in this place as a percentage of experience gained in the entire game.
 F = Experience gained in this place divided by the number of levels of this place that you have seen.
                   A       B       C       D       E      F
               +-------+-------+-------+-------+-------+----------------------
         Total | 100.0 | 100.0 |   N/A |   N/A | 100.0 | 269.4
       Dungeon |  99.2 |  99.2 |   N/A |   N/A |  93.4 | 283.2
        Temple |   0.8 |   0.8 |   N/A |   N/A |   6.6 | 159.0
               +-------+-------+-------+-------+-------+----------------------

Table legend: (Time is in decaauts)
 A = Elapsed time spent in this place.
 B = Non-inter-level travel time spent in this place.
 C = Inter-level travel time spent in this place.
 D = Time resting spent in this place.
 E = Time spent auto-exploring this place.
 F = Levels seen in this place.
 G = Mean time per level.
                   A        B        C        D        E       F      G
               +--------+--------+--------+--------+--------+-----+--------+
         Total |   8970 |   8700 |    270 |   3584 |   3776 |   9 |  996.7 |
       Dungeon |   8448 |   8205 |    243 |   3183 |   3742 |   8 | 1056.0 |
        Temple |    521 |    495 |     26 |    401 |     34 |   1 |  521.0 |
               +--------+--------+--------+--------+--------+-----+--------+

Top non-repeatable levels by time:
     D:4: 1921 daAuts
     D:7: 1381 daAuts
     D:2: 1333 daAuts
     D:3: 1302 daAuts
     D:1: 845 daAuts
     D:5: 783 daAuts
     D:6: 643 daAuts
  Temple: 521 daAuts
     D:8: 237 daAuts
